 Dungeon Crawl Stone Soup version 0.18.1-50-g88ac8fd (webtiles) character file.

4778 nikopol the Cleaver (level 10, -5/92 HPs)
             Began as a Minotaur Berserker on Sept 23, 2016.
             Was a High Priest of Trog.
             Slain by a centaur (7 damage)
             ... on level 9 of the Dungeon.
             The game lasted 00:19:00 (8647 turns).

nikopol the Cleaver (Minotaur Berserker)            Turns: 8647, Time: 00:19:01

Health: -5/92      AC: 12    Str: 24    XL:     10   Next: 23%
Magic:  9/9        EV: 14    Int:  4    God:    Trog [*****.]
Gold:   497        SH:  0    Dex: 13    Spells: 0 memorised, 9 levels left

rFire  . . .     SeeInvis .     a - +0 hand axe
rCold  . . .     Gourm    .     p - +0 scale mail
rNeg   . . .     Faith    .     (no shield)
rPois  .         Spirit   .     (helmet restricted)
rElec  .         Dismiss  .     F - +0 cloak (curse)
rCorr  +         Reflect  .     y - +0 pair of gloves
SustAt .         Harm     .     N - +0 pair of boots
MR     .....                    (no amulet)
Stlth  ..........               x - +2 ring of strength
                                r - ring of resist corrosion

@: lethally poisoned (-5 -> -26), exhausted, slowed, glowing, very slow, not
resistant to hostile enchantments, extremely unstealthy
A: retaliatory headbutt, horns 2
a: Berserk, Trog's Hand, Brothers in Arms, Burn Spellbooks, Renounce Religion


You were on level 9 of the Dungeon.
You worshipped Trog.
Trog was extremely pleased with you.
You were very hungry.

You visited 1 branch of the dungeon, and saw 9 of its levels.
You also visited: Sewer and Ossuary.

You collected 497 gold pieces.

Inventory:

Hand Weapons
 a - a +0 hand axe (weapon)
 i - a +0 war axe
 z - a +1 arbalest of velocity
 K - a +1 hand axe
Missiles
 M - 36 bolts (quivered)
Armour
 p - a +0 scale mail (worn)
 y - a +0 pair of gloves (worn)
 F - a cursed +0 cloak (worn)
 N - a +0 pair of boots (worn)
Jewellery
 r - a ring of resist corrosion (left hand)
 x - a +2 ring of strength (right hand)
 G - a +1 ring of evasion {unknown}
 Q - a +3 ring of dexterity {unknown}
Wands
 H - a wand of flame (17/48)
 I - a wand of flame (21/48)
 P - a wand of flame (30/48)
Scrolls
 b - 2 scrolls of amnesia {unknown}
 d - 7 scrolls of teleportation
 e - 3 scrolls of blinking
 k - 2 scrolls of fog
 m - a scroll of magic mapping
 n - 14 scrolls of identify {unknown}
 q - 2 scrolls of enchant armour {unknown}
 t - 5 scrolls of noise {unknown}
 v - a scroll of recharging {unknown}
 w - 4 scrolls of remove curse {unknown}
 J - a scroll of vulnerability {unknown}
Potions
 j - a potion of cure mutation
 l - 2 potions of invisibility {unknown}
 o - 4 potions of mutation {unknown}
 s - 6 potions of curing {unknown}
 u - a potion of berserk rage {unknown}
 A - 4 potions of heal wounds {unknown}
 B - 2 potions of flight {unknown}
 C - 2 potions of brilliance {unknown}
 E - a potion of degeneration {unknown}
 L - a potion of ambrosia {unknown}
 R - a potion of lignification {unknown}
 S - 3 potions of might {unknown}
Comestibles
 c - 7 bread rations
 f - 3 chunks of flesh
 g - 7 meat rations
 h - 7 beef jerkies
 D - 2 slices of pizza
 O - 4 fruits


   Skills:
 + Level 9.6 Fighting
 * Level 9.7 Axes
 * Level 1.0 Crossbows
 + Level 9.2 Armour
 + Level 8.7 Dodging


You had 9 spell levels left.
You didn't know any spells.

Dungeon Overview and Level Annotations

Branches:
Dungeon (9/15)             Temple (0/1) D:5
   Lair: D:8-11         Orc: D:9-12

Altars:
Gozag
Nemelex Xobeh
Okawaru
Qazlal
Ru
Xom
Yredelemnul
The Shining One

Shops:
D:8 %

Annotations:
D:9 simples's ghost, novice SpEn


Innate Abilities, Weirdness & Mutations

You reflexively headbutt those who attack you in melee.
You have a pair of horns on your head.


Message History

The arrow hits you!
* * * LOW HITPOINT WARNING * * *
Simples's ghost hits you but does no damage.
You are more poisoned.
Simples's ghost hits you but does no damage.
Drink which item? (? for menu, Esc to quit)
It was a potion of cure mutation.
It has a very clean taste.
* * * LOW HITPOINT WARNING * * *
You feel very sick.
The centaur unwields an uncursed shortbow.
The centaur barely misses you. The centaur closely misses you.
Simples's ghost hits you but does no damage.
You are more poisoned.
You bump into the rock wall.
You feel less confused.
* * * LOW HITPOINT WARNING * * *
You feel very sick.
The centaur hits you but does no damage.
The centaur hits you!
You die...

#.#.#.#...(.#
....#.#.#...#.###
.................
.....#.#.#...#.## ###
................ <.
.........#...#.# .#
.......#.#...#.###.######
.........†.....W@c.......
.#.#...#.#.###.###.######
>..W.....#.# #... ...
.......###.# #####.###
.#.#...##... .#
.#.#.†..+... .c
.#.#...##.... .#
...#...##.... .. ......##


You could see a centaur and simples's ghost.

Vanquished Creatures
  The ghost of nikopol the Cleaver, a novice MiBe of Trog (D:8)
  Psyche (D:8)
  Grinder (D:6)
  Sigmund (D:6)
  2 wraiths (Ossuary)
  2 ice beasts
  2 phantoms
  3 ogres
  A black bear (D:8)
  A necrophage (D:8)
  4 big kobolds
  4 giant frogs
  A gnoll sergeant (D:6)
  A scorpion (D:4)
  The ghost of Lovchig the Skirmisher, a weakling MiFi (D:3)
  5 killer bees (D:9)
  4 wights (Ossuary)
  5 howler monkeys
  3 crimson imps
  A giant frog zombie (D:8)
  4 hounds
  An orc priest (D:4)
  A jelly (D:7)
  A centaur skeleton (D:5)
  4 orc wizards
  Ijyb (D:4)
  Natasha (thrice) (D:4)
  2 iguanas
  7 worker ants
  2 hound skeletons (D:8)
  A worker ant zombie (D:5)
  12 adders
  5 gnolls (D:6)
  A shadow imp (D:6)
  2 oozes
  2 adder skeletons (D:4)
  4 worms
  3 dart slugs
  11 giant geckos
  16 orcs
  11 bats
  9 giant cockroaches
  18 goblins
  7 hobgoblins
  5 jackals
  4 quokkas
  3 ball pythons
  2 ball python skeletons (Ossuary)
  A giant gecko skeleton (D:4)
  12 giant newts
  3 hobgoblin zombies (Ossuary)
  25 kobolds
  A kobold zombie (Ossuary)
  2 orc zombies (Ossuary)
  2 quokka skeletons
  6 rats
  A plant (Sewer)
239 creatures vanquished.

Notes
Turn   | Place    | Note
--------------------------------------------------------------
     0 | D:1      | nikopol the Minotaur Berserker began the quest for the Orb.
     0 | D:1      | Reached XP level 1. HP: 19/19 MP: 0/0
   243 | D:1      | Reached XP level 2. HP: 27/27 MP: 1/1
   847 | D:2      | Reached ** piety under Trog
  1033 | D:2      | Reached XP level 3. HP: 31/33 MP: 2/2
  1251 | D:2      | Found an opulent altar of Gozag.
  1320 | D:2      | Found an iron altar of Okawaru.
  1768 | D:3      | Found a shimmering altar of Xom.
  1815 | D:3      | Found a glowing drain.
  1822 | D:3      | Reached XP level 4. HP: 28/40 MP: 3/3
  1836 | Sewer    | Entered a sewer
  1898 | Sewer    | Reached *** piety under Trog
  1937 | Sewer    | Noticed a big kobold
  1937 | Sewer    | Noticed a big kobold
  1943 | Sewer    | Killed a big kobold
  1943 | Sewer    | Reached XP level 5. HP: 37/47 MP: 4/4
  1948 | Sewer    | Reached skill level 5 in Fighting
  2178 | Sewer    | Reached skill level 5 in Axes
  2178 | Sewer    | Reached XP level 6. HP: 53/56 MP: 5/5
  2497 | D:3      | Noticed Lovchig's ghost (weakling MiFi)
  2505 | D:3      | Killed Lovchig's ghost
  2866 | D:3      | Reached skill level 5 in Armour
  2872 | D:3      | Reached **** piety under Trog
  3319 | D:4      | Noticed Natasha
  3324 | D:4      | Killed Natasha
  3359 | D:4      | Noticed Natasha
  3367 | D:4      | Killed Natasha
  3367 | D:4      | Reached XP level 7. HP: 53/62 MP: 6/6
  3574 | D:4      | Found a glowing golden altar of the Shining One.
  3685 | D:4      | Noticed Natasha
  3691 | D:4      | Killed Natasha
  4048 | D:4      | Noticed Ijyb
  4053 | D:4      | Killed Ijyb
  4053 | D:4      | Reached skill level 5 in Dodging
  4140 | D:5      | Entered Level 5 of the Dungeon
  4259 | D:5      | Found a staircase to the Ecumenical Temple.
  4389 | D:5      | Found a shimmering altar of Xom.
  4513 | D:5      | Reached XP level 8. HP: 61/71 MP: 7/7
  4630 | D:5      | Received a gift from Trog
  4770 | D:5      | Found a sparkling altar of Nemelex Xobeh.
  4917 | D:6      | Found a sand-covered staircase.
  4924 | Ossuary  | Entered an ossuary
  5016 | Ossuary  | Noticed a flying skull
  5049 | Ossuary  | Noticed a flying skull
  5056 | Ossuary  | Noticed a flying skull
  5452 | D:6      | Found a basalt altar of Yredelemnul.
  5463 | D:6      | Noticed Sigmund
  5480 | D:6      | Killed Sigmund
  5575 | D:6      | Noticed Grinder
  5602 | D:6      | Paralysed by Grinder for 7 turns
  5609 | D:6      | Killed Grinder
  5609 | D:6      | Reached XP level 9. HP: 39/81 MP: 8/8
  6300 | D:7      | Reached ***** piety under Trog
  6535 | D:7      | Found a stormy altar of Qazlal.
  7020 | D:8      | Noticed nikopol's ghost (novice MiBe)
  7028 | D:8      | Killed nikopol's ghost
  7084 | D:8      | Found a sacrificial altar of Ru.
  7253 | D:8      | Noticed Psyche
  7265 | D:8      | Killed Psyche
  7265 | D:8      | Reached XP level 10. HP: 63/91 MP: 9/9
  7457 | D:8      | Found Roumn's Food Shop.
  7635 | D:8      | Received a gift from Trog
  8515 | D:9      | Reached skill level 1 in Crossbows
  8619 | D:9      | Noticed simples's ghost (novice SpEn)
  8647 | D:9      | HP: 2/92 [poisoned by simples's ghost]
  8647 | D:9      | Slain by a centaur

Skill      XL: |  1  2  3  4  5  6  7  8  9 10 |
---------------+-------------------------------+-----
Fighting       | 4 5 6 8 9 |  9.6
Axes           | 4 5 6 7 9 |  9.7
Armour         | 3 4 5 6 7 9 |  9.2
Dodging        | 3 4 5 6 8 |  8.7
Crossbows      | 1 |  1.0

Action                   |  1- 3 |  4- 6 |  7- 9 | 10-12 || total
-------------------------+-------+-------+-------+-------++-------
Melee: Hand axe          |    92 |   134 |       |    71 ||   297
       Headbutt          |     6 |    35 |    54 |     6 ||   101
       War axe           |       |    27 |   285 |     8 ||   320
 Fire: Arbalest          |       |       |       |    12 ||    12
Invok: Berserk           |       |     2 |     3 |     1 ||     6
  Use: Scroll            |       |       |     5 |       ||     5
       Potion            |       |       |       |     1 ||     1
  Eat: Chunk             |     2 |     8 |    16 |     4 ||    30
Armor: Animal skin       |     2 |       |       |       ||     2
       Ring mail         |    26 |       |       |       ||    26
       Scale mail        |    14 |    51 |   131 |    30 ||   226
Dodge: Dodged            |    75 |    99 |   184 |    60 ||   418
